cohdb
Replays
Latest Replays
All Replays
Popular Replays
Top Player Replays
Match Explorer
How It Works
Community
CoH3 Stats
Reddit
Sign in to upload your games and track your stats! →
Sign in with Steam
Match 42951191
Unlisted
Match 42951191
Overview
Messages
Build Orders
End
Royal Engineer Section
Royal Engineer Section
Royal Engineer Section
Selects Heavy Armor Battlegroup
Construct Section Command Post
Construct Field Infirmary
Infantry Section
Construct Platoon Command Post
Selects Engineer Detachments
Royal Engineer Section
Humber Armored Car
Unlock M3 Stuart Light Tanks
M3 Stuart Light Tank
Infantry Section
Construct Company Command Post
Selects Forward Repair Assembly
Selects UNKNOWN (2162094)
6-pounder Anti-tank Gun Team
Selects Light Vehicle Withdraw and Refit
Selects UNKNOWN (202330)
Selects Recon Artillery
Churchill IV Heavy Tank
Churchill IV Heavy Tank
Infantry Section
Churchill IV Heavy Tank
Infantry Section
Recon Artillery
Infantry Section
Royal Engineer Section
Royal Engineer Section
Grenade Package
6-pounder Anti-tank Gun Team
6-pounder Anti-tank Gun Team
Churchill IV Heavy Tank
Recon Artillery
Pfeiffer
Rush
ConcernedApe
badiba
0
0
Comments
sign in to comment!
No comments posted yet!